Match 42635222
Unlisted

Match 42635222
End
Selects Heavy Weapons
Construct Barracks
Riflemen Squad
1⁄4-ton 4x4 Truck
Riflemen Squad
Riflemen Squad
Mechanized Support Center
Selects Assault Carriers
Construct Motor Pool
Construct Medical Station
Selects Exchangeable Parts
M3 75 mm Gun Motor Carriage
M3 75 mm Gun Motor Carriage
M1918 Browning Automatic Rifles
UndeadPathfinder_
Doyle
Kelton312
nanagonana
ovuvuevuevue enyetuenwuevue ugbe
Unsafe
ĹUZ
도와주세요
0
0

Comments sign in to comment!

No comments posted yet!